 Dungeon Crawl Stone Soup version 0.30-a0-439-g9e77e4d916 (webtiles) character file.

Game seed: 14925761554603660504

31715 p00ps00p the Severer (level 13, -2/124 HPs)
             Began as a Hill Orc Fighter on Dec 10, 2022.
             Was an Initiate of Gozag.
             Succumbed to poison (dark miasma)
             ... on level 13 of the Dungeon on Dec 11, 2022.
             The game lasted 00:25:33 (15738 turns).

p00ps00p the Severer (Hill Orc Fighter)            Turns: 15738, Time: 00:25:34

Health: -2/124     AC: 19    Str: 34    XL:     13   Next: 59%
Magic:  13/13      EV: 16    Int:  8    God:    Gozag
Gold:   884        SH: 13    Dex: 12    Spells: 12/12 levels left

rFire   . . .      SeeInvis +    c - +4 war axe of Coceat {vorpal, rElec Str+4}
rCold   . . .      Faith    .    R - +1 kite shield
rNeg    . . .      Spirit   .    K - +2 chain mail of a bazaar {Str+6 Int-2 Dex+2}
rPois   +          Reflect  .    L - +0 helmet of the Apple {rPois Int+2 Stlth+}
rElec   +          Harm     .    (no cloak)
rCorr   +          Rampage  +    N - +2 pair of gloves
Will    .....                    (no boots)
Stlth   ..........               B - amulet of Megalomania {Acrobat Rampage rCorr SInv}
HPRegen 0.40/turn                r - +4 ring of evasion
MPRegen 0.13/turn                t - +4 ring of evasion

@: lethally poisoned (-2 -> -16), gold aura, slowed, invisible, very slow
A: no striking features
a: Renounce Religion, Potion Petition, Call Merchant, Bribe Branch


You were on level 13 of the Dungeon.
You worshipped Gozag.
Gozag was pleased with you.
You visited 3 branches of the dungeon, and saw 16 of its levels.
You visited the Abyss 1 time.

You collected 4523 gold pieces.
You spent 1335 gold pieces at shops.
You paid 2304 gold pieces to Gozag.

Inventory:

Hand Weapons
 a - a +3 war axe of flaming
 c - the +4 war axe of Coceat (weapon) {vorpal, rElec Str+4}
   (You bought it in a shop on level 2 of the Orcish Mines)

   It inflicts extra damage upon your enemies.
   Str:       It affects your strength (+4).
   rElec:     It insulates you from electricity.
Missiles
 J - 5 throwing nets (quivered)
 S - 11 poisoned darts
Armour
 K - the +2 chain mail of a bazaar (worn) {Str+6 Int-2 Dex+2}
   (You bought it in a shop on level 8 of the Dungeon)

   Str:       It affects your strength (+6).
   Int:       It affects your intelligence (-2).
   Dex:       It affects your dexterity (+2).
 L - the +0 helmet of the Apple (worn) {rPois Int+2 Stlth+}
   (You bought it in a shop on level 8 of the Dungeon)

   Int:       It affects your intelligence (+2).
   rPois:     It protects you from poison.
   Stlth:     It makes you more stealthy.
 N - a +2 pair of gloves (worn)
 R - a +1 kite shield (worn)
Jewellery
 m - an amulet of reflection
 r - a +4 ring of evasion (left hand)
 t - a +4 ring of evasion (right hand)
 x - an amulet of regeneration
 B - the amulet of Megalomania (around neck) {Acrobat Rampage rCorr SInv}
   (You acquired it on level 10 of the Dungeon)

   [amulet of the acrobat]

   It increases your evasion while moving and waiting.
   SInv:      It lets you see invisible.
   rCorr:     It protects you from acid and corrosion.
   Rampage:   It bestows one free step when moving towards enemies.
Wands
 b - a wand of paralysis (20)
 q - a wand of digging (8)
 w - a wand of flame (40)
 D - a wand of iceblast (13)
 O - a wand of light (5)
Scrolls
 f - a scroll of amnesia
 g - 11 scrolls of teleportation
 i - a scroll of enchant weapon
 p - a scroll of blinking
 A - a scroll of brand weapon
 C - 8 scrolls of butterflies
 F - 3 scrolls of fear
Potions
 d - 5 potions of might
 e - 4 potions of heal wounds
 h - a potion of cancellation
 k - 2 potions of berserk rage
 l - 2 potions of haste
 n - 3 potions of ambrosia
 o - 2 potions of brilliance
 z - 5 potions of curing
 H - a potion of mutation {unknown}
 M - 3 potions of resistance {unknown}


   Skills:
 + Level 14.1 Fighting
 + Level 15.0 Axes
 + Level 13.0 Armour
 + Level 13.0 Shields


You had 12 spell levels left.
You didn't know any spells.
Your spell library contained the following spells:

 Spells                   Type           Power      Damage    Failure   Level
 Magic Dart               Conj           0%         1d3       95%         1
 Call Imp                 Summ           0%         N/A       98%         2
 Sublimation of Blood     Necr           0%         N/A       98%         2
 Mephitic Cloud           Conj/Pois/Air  0%         N/A       100%        3
 Ozocubu's Armour         Ice            0%         N/A       100%        3
 Teleport Other           Tloc           0%         N/A       100%        3
 Tukima's Dance           Hex            0%         N/A       100%        3
 Passage of Golubria      Tloc           0%         N/A       100%        4
 Petrify                  Tmut/Erth      0%         N/A       100%        4
 Summon Ice Beast         Ice/Summ       0%         N/A       100%        4
 Irradiate                Conj/Tmut      0%         3d11      100%        5
 Metabolic Englaciation   Hex/Ice        0%         N/A       100%        5
 Yara's Violent Unravell  Hex/Tmut       0%         3d3       100%        5
 Dispersal                Tloc           0%         N/A       100%        6
 Haunt                    Necr/Summ      0%         N/A       100%        7
 Infestation              Necr           0%         N/A       100%        8
 Animate Dead             Necr           Unusable   N/A       N/A         4
 Simulacrum               Ice/Necr       Unusable   N/A       N/A         6

Dungeon Overview and Level Annotations

Branches:
Dungeon (13/15)            Temple (1/1) D:5            Lair (0/5) D:9
    Orc (2/2) D:12            Elf (0/3) Orc:2
 Vaults: D:13-14

Altars:
Ashenzari
Cheibriados
Dithmenos
Elyvilon
Fedhas
Gozag
Hepliaklqana
Kikubaaqudgha
Makhleb
Nemelex Xobeh
Okawaru
Qazlal
Ru
Sif Muna
Trog
Uskayaw
Vehumet
Wu Jian
Xom
Yredelemnul
Zin
The Shining One
Jiyva

Shops:
D:8 [   D:9 !   D:11 *   D:13 ?   Orc:2 (:*(

Annotations:
D:4 3 runed translucent doors, p00ps00p's ghost, amateur HOFi
D:7 2 runed translucent doors
D:8 3 runed translucent doors, GiantSquids's ghost, novice HOBe
D:11 3 runed translucent doors, spardeous's ghost, novice FeTm
D:13 Erolcha


Message History

The foul vapour engulfs you but does no damage.
Unknown command.
You feel better.
You are engulfed in dark miasma.
* * * LOW HITPOINT WARNING * * *
The death drake closely misses you. x2
Blink to where?
Press: ? - help, Q - select action, (/) - cycle Dir - move target
As you read the scroll of blinking, it crumbles to dust.
Aiming: Bolt of Light
Press: ? - help, Q - select action, (/) - cycle Shift-Dir - straight line, f - you
Okay, then.
Aiming: Iceblast
Press: ? - help, Q - select action, (/) - cycle Shift-Dir - straight line The mass of ice explodes!
The iceblast engulfs the death drake!
The death drake is almost dead.
Unknown command.
Aiming: Bolt of Light
Press: ? - help, Q - select action, (/) - cycle Shift-Dir - straight line The bolt of light hits the death drake!
The death drake is almost dead.
The death drake is blinded.
The death drake breathes miasma at you. The foul vapour engulfs you!
* * * LOW HITPOINT WARNING * * *
Aiming: Bolt of Light
Press: ? - help, Q - select action, (/) - cycle Shift-Dir - straight line The bolt of light hits the death drake!
You kill the death drake!
You are engulfed in dark miasma.
You are lethally poisoned!
You feel as though you will be slow longer.
* * * LOW HITPOINT WARNING * * *
You feel extremely sick.
Your Shields skill increases to level 13!
You're standing in a cloud of foul pestilence!
* * * LOW HITPOINT WARNING * * *
You feel extremely sick.
You fade into invisibility!
You die...
Your body crumbles into a pile of gold.

#...#......###°...#
#...'......#......#
#...#......'......#
#...#......#......#
#...#####..#......#
#.......#..#..°...#
#.......####......#
..................#####
.........#####..@°....#
.........#...#........#
.........#...#........#
.........#...#........#
.........#...'........#
.........#####........#
......................#
......................#
....................###


There were no monsters in sight!

Vanquished Creatures
  Erica (D:10)
  A centaur warrior (D:13)
  A boulder beetle (D:11)
  2 tengu warriors (D:13)
  3 orc high priests (Orc:2)
  A death drake (D:13)
  2 starcursed masses (Abyss:2)
  5 orc knights (Orc:2)
  6 orc sorcerers
  A deep elf pyromancer (D:13)
  4 manticores
  5 cyclopes
  Maurice (D:10)
  An unseen horror (D:11)
  2 kobold demonologists (D:13)
  A tengu conjurer (D:13)
  7 trolls
  An ancient zyme (Abyss:2)
  2 polar bears (D:9)
  A hornet (D:9)
  2 large abominations (Abyss:2)
  Grinder (D:6)
  A slime creature (D:7)
  A wyvern (D:10)
  A vampire (D:13)
  2 shadows
  3 wraiths
  A yak (shapeshifter) (D:9)
  A steam dragon (D:9)
  17 yaks
  A basilisk (D:11)
  Grum (D:8)
  2 wargs (Orc:2)
  An acid dragon (D:9)
  A water moccasin (D:8)
  20 orc warriors
  A sky beast (D:7)
  8 ogres
  2 black bears (D:9)
  3 ice beasts
  3 wolves (D:8)
  16 centaurs
  A phantom (D:5)
  5 kobold brigands
  3 necrophages
  6 bullfrogs
  2 scorpions
  2 gnoll sergeants
  3 wights (D:6)
  7 killer bees
  2 electric eels (D:7)
  8 howler monkeys
  3 hounds (D:6)
  A quasit (Abyss:2)
  A gnoll bouda (D:9)
  18 orc priests
  A jelly (D:6)
  3 iguanas
  An iron imp (Abyss:2)
  17 orc wizards
  16 gnolls
  9 adders
  A shadow imp (D:8)
  3 white imps
  2 ufetubi
  A worm (D:3)
  3 dart slugs
  68 orcs
  9 ball pythons
  2 bats
  11 endoplasms
  5 giant cockroaches
  5 goblins
  11 hobgoblins
  7 jackals
  3 quokkas
  2 frilled lizards
  18 kobolds
  10 rats
407 creatures vanquished.

Vanquished Creatures (others)
  An orc wizard (D:9)
  A gnoll (D:7)
  8 fungi
  41 plants
51 creatures vanquished.

Grand Total: 458 creatures vanquished

Notes
Turn   | Place    | Note
-------+----------+-------------------------------------------
     0 | D:1      | p00ps00p the Hill Orc Fighter began the quest for the Orb.
     0 | D:1      | Reached XP level 1. HP: 19/19 MP: 1/1
   197 | D:1      | Reached XP level 2. HP: 27/27 MP: 2/2
   260 | D:1      | Reached skill level 3 in Axes
   500 | D:1      | Reached XP level 3. HP: 33/33 MP: 3/3
  1734 | D:2      | Reached XP level 4. HP: 36/40 MP: 4/4
  2398 | D:3      | Reached skill level 4 in Axes
  2581 | D:3      | Reached XP level 5. HP: 47/47 MP: 5/5
  3122 | D:4      | Found a runed translucent gate.
  3122 | D:4      | Found a runed translucent gate.
  3132 | D:4      | Found a runed translucent gate.
  3205 | D:4      | Reached skill level 5 in Fighting
  3205 | D:4      | Reached XP level 6. HP: 56/56 MP: 6/6
  3317 | D:4      | Noticed p00ps00p's ghost (amateur HOFi)
  3317 | D:4      | Noticed an ice beast
  3485 | D:4      | Identified a scroll of acquirement
  3485 | D:4      | Acquired 827 gold pieces
  3521 | D:5      | Entered Level 5 of the Dungeon
  3530 | D:5      | Reached skill level 5 in Axes
  3590 | D:5      | Reached skill level 5 in Armour
  3590 | D:5      | Reached skill level 5 in Shields
  3661 | D:5      | Reached XP level 7. HP: 40/62 MP: 7/7
  3763 | D:5      | Found a staircase to the Ecumenical Temple.
  3963 | Temple   | Entered the Ecumenical Temple
  4228 | D:5      | Reached skill level 6 in Axes
  4380 | D:5      | Found a glowing golden altar of the Shining One.
  4905 | D:6      | Reached XP level 8. HP: 71/71 MP: 8/8
  5221 | D:6      | Noticed Grinder
  5229 | D:6      | Paralysed by Grinder for 3 turns
  5233 | D:6      | Killed Grinder
  5234 | D:6      | Reached skill level 7 in Axes
  5350 | D:6      | Found a broken altar of Ashenzari.
  5453 | D:6      | Found a sparkling altar of Nemelex Xobeh.
  5457 | D:6      | Identified the +7 dagger of the Shifting Oracle {vorpal,
                  | rF- rN++}
  5569 | D:6      | Reached XP level 9. HP: 78/79 MP: 9/9
  5983 | D:7      | Reached skill level 8 in Axes
  6033 | D:7      | Found a runed translucent door.
  6034 | D:7      | Noticed a boulder beetle
  6034 | D:7      | Noticed a cyclops
  6034 | D:7      | Noticed a cyclops
  6034 | D:7      | Noticed a troll
  6034 | D:7      | Noticed a cyclops
  6045 | D:7      | Killed a cyclops
  6059 | D:7      | Killed a cyclops
  6063 | D:7      | Killed a troll
  6064 | D:7      | Reached skill level 9 in Axes
  6068 | D:7      | Noticed a manticore
  6079 | D:7      | Killed a manticore
  6080 | D:7      | Reached XP level 10. HP: 57/91 MP: 10/10
  6085 | D:7      | Killed a cyclops
  6095 | D:7      | Identified the +1 swamp dragon scales "Fygutyor" {rElec
                  | rPois MP+9 Dex-2}
  6211 | D:7      | Found a runed translucent door.
  6346 | D:7      | Found a white marble altar of Elyvilon.
  6393 | D:7      | Found a blossoming altar of Fedhas.
  6456 | D:7      | Found a hide-covered altar of Uskayaw.
  6505 | D:7      | Reached skill level 10 in Axes
  7072 | D:8      | Found a runed translucent gate.
  7072 | D:8      | Noticed GiantSquids's ghost (novice HOBe)
  7073 | D:8      | Found a runed translucent gate.
  7073 | D:8      | Found a runed translucent gate.
  7261 | D:8      | Found a sacrificial altar of Ru.
  7261 | D:8      | Found an opulent altar of Gozag.
  7267 | D:8      | Became a worshipper of Gozag Ym Sagoz the Greedy
  7466 | D:8      | Bought a slimy chain mail for 266 gold pieces
  7466 | D:8      | Identified the +2 chain mail of a bazaar {Str+6 Int-2
                  | Dex+2} (You bought it in a shop on level 8 of the Dungeon)
  7466 | D:8      | Bought a distressingly furry helmet for 266 gold pieces
  7466 | D:8      | Identified the +0 helmet of the Apple {rPois Int+2 Stlth+}
                  | (You bought it in a shop on level 8 of the Dungeon)
  7582 | D:8      | Reached skill level 10 in Fighting
  7583 | D:8      | Identified the +1 chain mail "Heogec" {Drain Dex+4 Slay+5
                  | Stlth+}
  7586 | D:8      | Noticed Grum
  7605 | D:8      | Killed Grum
  7813 | D:9      | Found Ugen Vau's Distillery.
  7982 | D:9      | Reached skill level 11 in Axes
  7984 | D:9      | Reached XP level 11. HP: 101/101 MP: 11/11
  8443 | D:9      | Found a staircase to the Lair.
  8619 | D:9      | Reached skill level 10 in Armour
  8698 | D:9      | Reached skill level 10 in Shields
  8779 | D:9      | Bought a potion of curing for 42 gold pieces
  8779 | D:9      | Bought a potion of heal wounds for 70 gold pieces
  8779 | D:9      | Bought a potion of curing for 42 gold pieces
  8898 | D:10     | Entered Level 10 of the Dungeon
  8986 | D:10     | Found an ornate altar of the Wu Jian Council.
  9302 | D:10     | Noticed Erica
  9310 | D:10     | Killed Erica
  9343 | D:10     | Got the Commentary on the Dimensional Blizzard
  9467 | D:10     | Noticed Maurice
  9491 | D:10     | Reached skill level 12 in Axes
  9506 | D:10     | Killed Maurice
  9657 | D:10     | Acquired the amulet of Megalomania {Acrobat Rampage rCorr
                  | SInv}
  9685 | D:10     | Found a radiant altar of Vehumet.
  9931 | D:10     | Found a bloodstained altar of Trog.
 10107 | D:11     | Bought a scroll labelled NIUHUIS SOMU for 30 gold pieces
 10107 | D:11     | Bought a black potion for 27 gold pieces
 10107 | D:11     | Bought a scroll labelled NIUHUIS SOMU for 30 gold pieces
 10107 | D:11     | Bought a potion of might for 120 gold pieces
 10127 | D:11     | Noticed a cyclops
 10134 | D:11     | Killed a cyclops
 10223 | D:11     | Found a stormy altar of Qazlal.
 10229 | D:11     | Reached XP level 12. HP: 112/112 MP: 12/12
 10246 | D:11     | Noticed a boulder beetle
 10264 | D:11     | Killed a boulder beetle
 10512 | D:11     | Found a runed translucent gate.
 10513 | D:11     | Found a runed translucent gate.
 10514 | D:11     | Found a runed translucent gate.
 10516 | D:11     | Noticed spardeous's ghost (novice FeTm)
 10805 | D:11     | Found a viscous altar of Jiyva.
 11345 | D:12     | Found a staircase to the Orcish Mines.
 11357 | D:12     | Reached skill level 13 in Axes
 11896 | D:13     | Noticed a centaur warrior
 11902 | D:13     | Killed a centaur warrior
 11908 | D:13     | Noticed a tengu warrior
 11918 | D:13     | Killed a tengu warrior
 12403 | D:13     | Noticed Erolcha
 12406 | Abyss:2  | Cast into level 2 of the Abyss (Erolcha)
 12459 | Abyss:2  | Noticed a starcursed mass
 12475 | Abyss:2  | Killed a starcursed mass
 12478 | Abyss:2  | Killed a starcursed mass
 12613 | Abyss:2  | HP: 5/115 [death drake/foul vapour (18)]
 12617 | D:13     | Escaped the Abyss
 12634 | D:13     | HP: 4/115 [something/fireball (15)]
 12718 | Orc:1    | Entered Level 1 of the Orcish Mines
 13273 | Orc:1    | Reached skill level 14 in Axes
 13320 | Orc:2    | Entered Level 2 of the Orcish Mines
 13349 | Orc:2    | Reached XP level 13. HP: 122/122 MP: 13/13
 13616 | Orc:2    | Found a staircase to the Elven Halls.
 13727 | Orc:2    | Found Otereut's Antique Weapon Emporium.
 14834 | Orc:2    | Found Gouzokee's General Store.
 14844 | Orc:2    | Found Gynnyept's Weapon Shop.
 15286 | Orc:2    | Found Jaligheo's Book Shop.
 15297 | Orc:2    | Bought a smoking war axe for 280 gold pieces
 15297 | Orc:2    | Identified the +4 war axe of Coceat {vorpal, rElec Str+4}
                  | (You bought it in a shop on level 2 of the Orcish Mines)
 15545 | D:13     | Reached skill level 15 in Axes
 15556 | D:13     | Bought a scroll of teleportation for 36 gold pieces
 15556 | D:13     | Bought a scroll of enchant armour for 90 gold pieces
 15556 | D:13     | Bought a scroll of teleportation for 36 gold pieces
 15737 | D:13     | HP: 3/124 [poison (dark miasma)]
 15738 | D:13     | Succumbed to poison (dark miasma)

Illustrated notes

Levels and vault maps discovered:
D:1:      spicycebolla_green_bress_n_ham_2, layout_loops_corners,
          kennysheep_boxes
D:2:      layout_loops_corners, minmay_tromino_i2
D:3:      layout_loops_ring
D:4:      layout_rooms, gammafunk_ghost_icy
D:5:      layout_layer_cave, nicolae_tso_swordbearing_angel,
          minmay_temple_entry_junction, minmay_splitting_lines
D:6:      layout_basic, mainiacjoe_overflow_brackets,
          nicolae_ashenzari_panopticon, serial_co_window_serial,
          co_window_paths_b, co_window_paths_a, co_window_of_opportunity_a,
          co_window_paths_b, co_window_paths_b, co_window_of_opportunity_b,
          co_window_corner_cb, co_window_corner_cb, co_window_unsneaky_path_c,
          co_window_of_opportunity_b, co_window_4corner_b, glass_columns_c,
          glass_columns_a, uniq_grinder
D:7:      minmay_the_grid_triangle_9x9_recursive_2
          [minmay_the_grid_triangle_9x9_prize_top_heavy,
          minmay_the_grid_triangle_9x9_corruption,
          minmay_the_grid_triangle_9x9_descending_squares,
          minmay_the_grid_triangle_9x9_tough_junction], layout_rooms,
          mainiacjoe_overflow_boulevard, mainiacjoe_overflow_cross_hatched,
          mainiacjoe_overflow_alcove_2, serial_bayou_lagoon_a
D:8:      layout_basic, gammafunk_temple_overflow_statue, gammafunk_ghost_split,
          uniq_grum
D:9:      layout_basic, grunt_lair_entry_orc_guard_hut, serial_ice,
          serial_ice_e, serial_ice_n, serial_ice_c, serial_ice_a, serial_ice_g,
          serial_shops, nicolae_inconvenience_store, minmay_microvault
D:10:     layout_loops_corners, vehumet_altar_wand_db,
          mainiacjoe_overflow_paths, trog_hazing_becter,
          nicolae_concentric_dashed_squares_mild, minmay_variable_closet,
          uniq_erica, uniq_maurice
D:11:     layout_loops_cross, gammafunk_ghost_ooze,
          nicolae_qazlal_scattered_showers
D:12:     layout_basic, kennysheep_orc_monster_closet_entryway
D:13:     layout_irregular_city, uniq_nessos, uniq_erolcha
Temple:   nicolae_temple_bog_church
Orc:1:    layout_diamond_mine
Orc:2:    st_orc_elflike, layout_caves

Skill      XL: |  1  2  3  4  5  6  7  8  9 10 11 12 13 |
---------------+----------------------------------------+-----
Axes           | 3 4 5 6 7 9 11 12 14 15 | 15.0
Fighting       | 4 5 6 7 9 10 11 13 14 | 14.1
Shields        | 4 5 6 8 9 10 12 13 | 13.0
Armour         | 4 5 6 8 9 11 12 13 | 13.0

Action                   |  1- 3 |  4- 6 |  7- 9 | 10-12 | 13-15 || total
-------------------------+-------+-------+-------+-------+-------++-------
Melee: War axe           |    90 |   168 |   155 |   624 |   201 ||  1238
Invok: Call Merchant     |       |       |       |     2 |     1 ||     3
Evoke: Wand              |       |       |     3 |       |     3 ||     6
  Use: Scroll            |     3 |    12 |     4 |    11 |     4 ||    34
       Potion            |       |       |       |     3 |     2 ||     5
 Stab: Distracted        |       |       |       |     4 |     1 ||     5
Armor: Scale mail        |    29 |       |       |       |       ||    29
       Chain mail        |    18 |    91 |    48 |   175 |    60 ||   392
       Swamp dragon scal |       |       |       |    27 |       ||    27
Dodge: Dodged            |    46 |    65 |   100 |   398 |    80 ||   689
Block: Buckler           |    20 |    31 |    30 |   140 |       ||   221
       Kite shield       |       |       |       |    73 |    97 ||   170

Table legend: (Time is in decaauts)
 A = Elapsed time spent in this place.
 B = Non-inter-level travel time spent in this place.
 C = Inter-level travel time spent in this place.
 D = Time resting spent in this place.
 E = Time spent auto-exploring this place.
 F = Levels seen in this place.
 G = Mean time per level.
                   A        B        C        D        E       F      G
               +--------+--------+--------+--------+--------+-----+--------+
         Total |  15834 |  14843 |    991 |   1694 |   9973 |  17 |  931.4 |
       Dungeon |  12832 |  11929 |    903 |    400 |   8921 |  13 |  987.1 |
        Temple |    196 |    179 |     17 |      0 |    161 |   1 |  196.0 |
  Orcish Mines |   2596 |   2526 |     70 |   1219 |    890 |   2 | 1298.0 |
         Abyss |    208 |    208 |      0 |     75 |      0 |   1 |  208.0 |
               +--------+--------+--------+--------+--------+-----+--------+

Top non-repeatable levels by time:
   Orc:2: 1729 daAuts
     D:1: 1423 daAuts
     D:5: 1235 daAuts
    D:12: 1172 daAuts
    D:10: 1139 daAuts
     D:6: 1110 daAuts
     D:9: 1088 daAuts
     D:7: 914 daAuts
     D:3: 911 daAuts
    D:13: 901 daAuts
     D:2: 890 daAuts
   Orc:1: 867 daAuts
    D:11: 780 daAuts
     D:8: 744 daAuts
     D:4: 519 daAuts
